[Event "French-ch U12-U14 2024"]
[Site "Agen"]
[Date "2024.04.17"]
[Round "5.11"]
[White "Bernard, Ines"]
[Black "Fischler, Ines"]
[Result "1-0"]
[ECO "B13"]
[WhiteElo "1981"]
[BlackElo "1698"]
[Annotator "TA"]
[PlyCount "153"]
[EventDate "2024.04.14"]
[EventType "swiss"]
[EventCountry "FRA"]
[SourceTitle "playchess.com"]
[Source "ChessBase"]
[SourceQuality "1"]
[TimeControl "5400+30"]

1. e4 c6 2. d4 d5 3. exd5 cxd5 4. Bd3 Nc6 5. c3 Qc7 6. Na3 a6 7. Nc2 e6 8. g3 Bd6 9. Qg4 f6 10. Bxh7 e5 11. Bg6+ Kf8 12. Qd1 Nge7 13. Bh5 Bf5 14. dxe5 Nxe5 15. Be2 Bc5 (15... Be4 $15 16. Nd4 Kg8) 16. Nd4 Bxd4 17. Qxd4 Bc2 18. Bf4 Rd8 ({Black should play} 18... Be4 $14 19. f3 Bg6) 19. Rc1 (19. Nf3 $16 N7c6 20. Bxe5 fxe5 21. Qd2) 19... Be4 $11 20. f3 Bg6 21. h4 N7c6 (21... Nf5 $11 {keeps the balance.} 22. Qa7 Bf7) 22. Qc5+ Qe7 23. Qxe7+ Kxe7 24. Be3 Nd3+ (24... Kf7 $14) 25. Bxd3 $16 Bxd3 26. Nh3 Ne5 27. f4 (27. Kf2 $16) 27... Be4 28. O-O Nc4 29. Bc5+ Kf7 30. Rf2 Bf5 31. Kh2 Rhe8 32. Ng1 Bg4 33. Kg2 Ne3+ (33... Rc8 $11 {remains equal.} 34. Bd4 Re7) 34. Bxe3 $16 Rxe3 35. Rd2 b5 36. Rf1 Re7 37. Nf3 Bf5 38. Nd4 Be4+ 39. Kf2 Rc8 40. Rfd1 Rec7 41. a3 Rd7 42. Nc2 (42. f5 $18) 42... Rcd8 43. Nb4 Rd6 44. Rd4 Ke7 45. Re1 R8d7 $2 (45... f5 $16 {was called for.} 46. g4 g6) 46. Nxd5+ $18 Rxd5 47. Rexe4+ Kf7 48. Rxd5 Rxd5 49. Rd4 Rc5 50. Kf3 Kg6 (50... Ke6 {might work better.} 51. Rd8 f5 52. Re8+ Kf6) 51. g4 $18 a5 52. f5+ Kh6 53. Rd6 Kh7 54. Ra6 a4 55. Rb6 Rd5 56. Rb8 Rc5 57. Rd8 Re5 58. Rd4 Rc5 59. Ke3 Re5+ 60. Kd2 Kg8 (60... Rc5 $142 61. Kd3 Kh6) 61. c4 $18 bxc4 62. Rxc4 Ra5 63. Kc3 Kf7 64. b4 axb3 65. Kxb3 Re5 66. a4 Re1 67. a5 Rb1+ 68. Ka4 Ra1+ 69. Kb5 Rb1+ 70. Rb4 Ra1 71. Kb6 Ke7 72. a6 Kd7 73. Kb7 Rc1 74. a7 Rc7+ 75. Ka6 Rc8 76. Rd4+ Ke7 77. Kb7 1-0

[Event "French-ch U12-U14 2024"]
[Site "Agen"]
[Date "2024.04.17"]
[Round "5.12"]
[White "Castagnerol, Cerise"]
[Black "Nicot, Anna"]
[Result "1-0"]
[ECO "A91"]
[WhiteElo "1755"]
[BlackElo "1649"]
[Annotator "NA RC COMBH"]
[PlyCount "79"]
[EventDate "2024.04.14"]
[EventType "swiss"]
[EventCountry "FRA"]
[SourceTitle "playchess.com"]
[Source "ChessBase"]
[SourceQuality "1"]
[TimeControl "5400+30"]

1. d4 e6 2. g3 f5 3. Bg2 Nf6 4. Nh3 Be7 5. O-O O-O 6. c4 d6 7. Nc3 Nbd7 8. b3 e5 9. dxe5 dxe5 10. Nd5 c6 11. Nxe7+ Qxe7 12. Qc2 Nc5 13. Bb2 Bd7 14. Ng5 Ng4 15. Nf3 e4 16. Nd4 e3 17. f3 Ne5 18. Qc3 Ng6 19. Nc2 Rae8 20. Nxe3 Qxe3+ 21. Qxe3 Rxe3 22. Bd4 Rxe2 23. Bxc5 Rfe8 24. Rfd1 Bc8 25. Bf1 R2e5 26. Bd6 Re3 27. Kf2 h5 28. c5 h4 29. Bc4+ Kh7 30. Rd2 hxg3+ 31. hxg3 Rc3 32. Rh1+ Nh4 33. Rxh4+ Kg6 34. Rhd4 Rc1 35. Re2 Rh8 36. Rh4 Rd8 37. Re7 Rc2+ 38. Ke3 Rc1 39. Be5 f4+ 40. gxf4 1-0

[Event "French-ch U12-U14 2024"]
[Site "Agen"]
[Date "2024.04.17"]
[Round "5.13"]
[White "Kirschner, Sarah"]
[Black "Ourry, Elina"]
[Result "0-1"]
[ECO "D27"]
[WhiteElo "1612"]
[BlackElo "1678"]
[Annotator "NA RC COMBH"]
[PlyCount "50"]
[EventDate "2024.04.14"]
[EventType "swiss"]
[EventCountry "FRA"]
[SourceTitle "playchess.com"]
[Source "ChessBase"]
[SourceQuality "1"]
[TimeControl "5400+30"]

1. d4 d5 2. Nf3 Nf6 3. c4 dxc4 4. e3 e6 5. Bxc4 c5 6. O-O a6 7. Nc3 b5 8. Bb3 Bb7 9. Re1 Nbd7 10. h3 Be7 11. dxc5 Bxc5 12. Bd2 O-O 13. Rc1 Qb6 14. Re2 Bxf3 15. gxf3 Ne5 16. Kg2 Qb7 17. e4 Nd3 18. Rc2 Rfd8 19. Qg1 Nh5 20. Kf1 Nhf4 21. Bxf4 Nxf4 22. Re1 Nxh3 23. Qg4 Nxf2 24. Kg2 Nxg4 25. fxg4 Bb4 0-1

[Event "French-ch U12-U14 2024"]
[Site "Agen"]
[Date "2024.04.17"]
[Round "5.16"]
[White "Negre, Emilie"]
[Black "Auribault, Louis"]
[Result "1-0"]
[ECO "A29"]
[WhiteElo "1922"]
[BlackElo "2137"]
[Annotator "TA"]
[PlyCount "81"]
[EventDate "2024.04.14"]
[EventType "swiss"]
[EventCountry "FRA"]
[SourceTitle "playchess.com"]
[Source "ChessBase"]
[SourceQuality "1"]
[TimeControl "5400+30"]

1. c4 e5 2. g3 Nf6 3. Nc3 d5 4. cxd5 Nxd5 5. Bg2 Nb6 6. Nf3 Nc6 7. O-O Be7 8. a3 O-O 9. b4 Be6 10. Rb1 f6 11. d3 a5 12. b5 Nd4 13. e3 Nxf3+ 14. Bxf3 Qc8 15. Na4 {[%emt 0:02:53] The position is equal.} Rd8 16. Nxb6 cxb6 17. Qe2 (17. Bb2 $11) 17... Qd7 18. Rd1 Rac8 19. a4 Rc7 (19... Bb4 $15) 20. d4 Bc4 $1 21. Qb2 Qf5 22. Bg2 exd4 (22... Bc5 $15 {should be considered.}) 23. exd4 $11 Bd5 24. Be3 Bxg2 25. Kxg2 Rdc8 26. d5 {[%emt 0:05:13][%cal Od5d6] d6! would now be deadly.} Rc2 27. Qd4 R8c4 $2 (27... R8c3 $11 {and Black stays safe.} 28. Qxb6 (28. g4 $2 Rxf2+ 29. Bxf2 Qf3+ 30. Kg1 Bc5 $19) 28... Re2) 28. Qxb6 $18 Qd7 {[%emt 0:02:05] [#]} (28... Bc5 {is a better defense.} 29. Qe6+ (29. Qxa5 Rxf2+ 30. Bxf2 Qxf2+ 31. Kh3 g5 32. Qd8+ Bf8) 29... Qxe6 30. dxe6 Kf8) 29. Qe6+ $1 ({Inferior is} 29. Qxa5 Rh4 30. Qa8+ (30. gxh4 Qg4+ 31. Kh1 Qe4+ 32. Kg1 Qg4+ 33. Kf1 Qe2+ 34. Kg1 Qg4+ 35. Kf1 Qe2+ 36. Kg1 Qg4+ $11) 30... Kf7 $11 (30... Rc8 31. Qa7 $11)) 29... Qxe6 30. dxe6 Kf8 31. Rd7 Re4 {[%emt 0:00:14] [#]} 32. Rxb7 $1 Rxe6 33. Kf3 Rc4 34. Ra7 Rxa4 35. b6 {[%emt 0:00:11] b7 is the strong threat.} Bd6 36. b7 Ra3 37. b8=Q+ Bxb8 38. Rxb8+ {[%emt 0:00:00] White is clearly winning.} Re8 39. Rxe8+ (39. Rbb7 $142 g6 40. Rxh7) 39... Kxe8 40. Rxg7 h5 41. Rh7 {[%emt 0:00:00] Weighted Error Value: White=0.09 (flawless) /Black=0.63.  Loses game:     	---       	Black=1      Mistake:       	White=1     	Black=3      Inaccurate:     	White=1     	Black=1      OK:         	White=9     	Black=4      Best:        	White=1     	Black=2      Strong:       	White=1     	Black=1} 1-0

[Event "French-ch U12-U14 2024"]
[Site "Agen"]
[Date "2024.04.17"]
[Round "5.17"]
[White "Pon Le Brun, Gregoire"]
[Black "Charlier, Antoine"]
[Result "1-0"]
[ECO "C71"]
[WhiteElo "1900"]
[BlackElo "2053"]
[Annotator "TA"]
[PlyCount "105"]
[EventDate "2024.04.14"]
[EventType "swiss"]
[EventCountry "FRA"]
[SourceTitle "playchess.com"]
[Source "ChessBase"]
[SourceQuality "1"]
[TimeControl "5400+30"]

1. e4 e5 2. Nf3 Nc6 3. Bb5 a6 4. Ba4 d6 5. c4 Bd7 6. Bxc6 bxc6 7. d4 f6 8. Nc3 {[%emt 0:09:35][%cal Oc4c5] White is slightly better.} Be7 (8... Ne7 $11) 9. h3 c5 10. dxc5 dxc5 11. Be3 Bd6 12. O-O {[%emt 0:15:43] White has more active pieces. The black rooks are passive.} Qb8 (12... Ne7 $14) 13. Qd3 (13. Rb1 $16) 13... Ne7 $1 $14 14. Rfd1 {[%emt 0:02:10][%cal Oe3c5] Black must now prevent Bxc5!} Bc6 15. Nd5 {[%emt 0:03:07] Black is now going downhill.} Nxd5 16. cxd5 Bd7 17. Nd2 O-O 18. Rdc1 f5 19. b3 (19. Bxc5 Qxb2 20. Nc4 (20. Rab1 Qxa2 21. Qe3 fxe4 $14) 20... fxe4 $16) (19. Bxc5 {is more complex.} Qxb2 20. Nc4 fxe4 21. Qd1) 19... fxe4 20. Nxe4 Bf5 21. Rc4 Qb7 22. Rd1 Rad8 23. Qc3 Bxe4 24. Rxe4 c6 25. Qc4 {[%emt 0:06:28] [#] Bg5 is the strong threat.} (25. Bxc5 cxd5 26. Rxe5 Bxe5 (26... Qc7 27. Rdxd5 Bxe5 28. Qxe5 $15) 27. Qxe5 Rfe8 $15) 25... Kh8 26. dxc6 Qxc6 27. Rd5 h6 28. g3 Qc8 29. Kh2 (29. Bxc5 Bxc5 30. Rxc5 (30. Qxc5 $2 Rxd5 31. Qxc8 Rxc8 $19) 30... Rd1+ (30... Qxh3 31. Qe2 $16) 31. Kg2 Rxf2+ 32. Kxf2 Qf8+ 33. Ke2 Qf1+ 34. Ke3 Re1+ 35. Kd2 Rd1+ 36. Ke3 Re1+ 37. Kd2 Qf2+ 38. Re2 Rxe2+ 39. Qxe2 Qxc5 $11) 29... Qf5 30. Rg4 (30. Bxc5 $2 Bxc5 31. f4 Rxd5 32. Qxd5 exf4 33. Qxf5 Rxf5 $19) 30... Be7 31. Rxd8 (31. Bxc5 $2 Bxc5 $19 (31... Rxd5 32. Qxd5 Bxc5 33. Qxc5 $15) (31... Rxd5 32. Qxd5 Bxc5 33. Qxc5 $15)) 31... Rxd8 32. Qe4 (32. Bxc5 $2 Qf3 (32... Rc8 $2 33. Qe2 $19) 33. Qe4 (33. Bxe7 $2 Qxf2+ 34. Kh1 Rd1+) 33... Qxe4 34. Rxe4 Bxc5 $19) (32. Qxa6 Bg5 33. Qe2 (33. Bxc5 e4 $11) 33... Bxe3 34. Qxe3 Qc2) 32... Qf6 (32... Qxe4 $142 33. Rxe4 Kg8) 33. Rg6 $18 Qf7 34. Rxa6 Bg5 $2 {[%emt 0:00:36] [#]} (34... Qd5 {keeps fighting.} 35. Qxd5 Rxd5) 35. Ra8 (35. Qxe5 Re8 $16) 35... Qf6 36. Rxd8+ Qxd8 37. Qxe5 Qa5 (37... Bxe3 $142 38. Qxe3 Qf8) 38. Qxc5 Qxa2 39. Bxg5 hxg5 {[%emt 0:00:32][%mdl 4096] Endgame. KQ-KQ} 40. b4 Qb2 41. b5 (41. Qxg5 Qxf2+ 42. Kh1 Qf1+ 43. Kh2 Qf2+ 44. Kh1 Qf1+ 45. Kh2 Qe2+ 46. Kh1 Qe4+ 47. Kg1 Qd4+ 48. Kg2 Qxb4 $11) 41... Kh7 42. Kg2 ({Inferior is} 42. Qxg5 Qxf2+ 43. Kh1 Qf1+ 44. Kh2 Qf2+ 45. Kh1 Qf1+ 46. Kh2 Qf2+ $11) (42. b6 $142 Qb1 43. Qc6 (43. Qxg5 Qxb6 44. Qh5+ Kg8 $18) 43... Qa2 44. Kg2 Qa6 45. Qc2+ Kg8 46. Qb3+ Kh7 47. b7 Qc6+ 48. Kg1) 42... Qb1 43. Qc6 {[%emt 0:00:44] White mates.} Qb4 44. b6 Qb1 45. b7 Qb4 46. Qf3 Qb5 47. Qe4+ Kh8 48. h4 g4 49. Kg1 Kg8 50. Qe7 ({Less strong is} 50. Qxg4 Qxb7 51. Qc4+ Kh7 52. Qd3+ Kh6 53. Qe3+ Kh7 $18) 50... Kh7 51. Qc7 Qb1+ 52. Kh2 Qf5 53. Qb6 {[%emt 0:00:16] Weighted Error Value: White=0.15 (very precise) /Black=0.59.  Mistake:       	White=1     	Black=4      Inaccurate:     	White=1     	Black=5      OK:         	White=11    	Black=3      Best:        	White=2     	---        Strong:       	---       	Black=1} ({Worse is} 53. b8=B Qxf2+ 54. Kh1 Qf1+ 55. Kh2 Qf2+ 56. Kh1 Qf1+ 57. Kh2 Qf2+ $11) 1-0

[Event "French-ch U12-U14 2024"]
[Site "Agen"]
[Date "2024.04.17"]
[Round "5.18"]
[White "El Zein, Zayne-Eddine"]
[Black "Boulos, Paul"]
[Result "1/2-1/2"]
[ECO "A14"]
[WhiteElo "1959"]
[BlackElo "2189"]
[Annotator "TA"]
[PlyCount "58"]
[EventDate "2024.04.14"]
[EventType "swiss"]
[EventCountry "FRA"]
[SourceTitle "playchess.com"]
[Source "ChessBase"]
[SourceQuality "1"]
[TimeControl "5400+30"]

1. c4 e6 2. g3 d5 3. Bg2 Nf6 4. Nf3 Be7 5. O-O O-O 6. b3 a5 7. Bb2 a4 8. d4 c6 9. c5 Na6 10. bxa4 (10. Nc3 $14) 10... b6 11. Ne5 Qc7 (11... Nb8 $11) 12. cxb6 $14 Qxb6 13. Bc3 Nd7 14. Nd3 c5 15. e3 c4 16. Nf4 Nb4 (16... Nf6 $11) 17. Nd2 $16 {[%emt 0:03:56] [#] Black must now prevent Rb1.} Qa7 18. a3 Nd3 19. Nxd3 cxd3 20. Bb4 Re8 21. a5 Bd8 22. Nb3 Ba6 23. Rc1 Bc4 {[%emt 0:03:03] [#]} ({Black should try} 23... Rb8 $14) 24. Rxc4 $1 dxc4 25. Bxa8 Qxa8 26. Nd2 {[%emt 0:00:21] Hoping for Qa4.} Bxa5 27. Nxc4 Bxb4 28. axb4 Rb8 29. Qxd3 Rxb4 {[%emt 0:00:42] Weighted Error Value: White=0.12 (very precise) /Black=0.19 (very precise) .  Mistake:       	White=1     	Black=3      Inaccurate:     	White=3     	Black=1      OK:         	White=8     	Black=7      Best:        	White=4     	Black=2      Strong:       	White=1     	---} 1/2-1/2

[Event "French-ch U12-U14 2024"]
[Site "Agen"]
[Date "2024.04.17"]
[Round "5.19"]
[White "Tureshbayev, Anuar"]
[Black "Mimoune, Kenzi"]
[Result "1/2-1/2"]
[ECO "B90"]
[WhiteElo "2025"]
[BlackElo "1980"]
[Annotator "TA"]
[PlyCount "98"]
[EventDate "2024.04.14"]
[EventType "swiss"]
[EventCountry "FRA"]
[SourceTitle "playchess.com"]
[Source "ChessBase"]
[SourceQuality "1"]
[TimeControl "5400+30"]

1. e4 c5 2. Nf3 d6 3. d4 cxd4 4. Nxd4 Nf6 5. Nc3 a6 6. h3 e5 7. Nf3 Be7 8. g4 h6 9. Rg1 Nbd7 10. g5 hxg5 11. Nxg5 Nb6 {[%emt 0:09:39] Prevents Bc4.} (11... Nc5 $11) 12. Be3 (12. a4 $16) 12... d5 (12... Bd7 $1 $11 {remains equal.}) 13. Bxb6 $2 (13. exd5 $1 $16 {Hoping for Qf3.} Nbxd5 14. Bc4 Nxe3 15. Bxf7+ Kf8 16. Qxd8+ (16. fxe3 Qb6 $14) 16... Bxd8 17. fxe3) 13... Qxb6 $15 14. Nxd5 Nxd5 (14... Qxb2 15. Rb1 (15. Nc7+ Kf8 $14) 15... Qxa2 16. Nc7+ Kf8 17. Nxa8 $14) 15. Qxd5 Bxg5 16. Rxg5 Be6 $1 17. Qd3 (17. Qxe5 $2 f6 18. Rh5 fxe5 $19) (17. Rxe5 O-O 18. Qd1 Qxb2 $19) 17... Rd8 {[%emt 0:10:27][%mdl 1024] Black has compensation.} 18. Qa3 g6 19. Rg3 Rh4 20. Re3 Rd4 21. Bg2 Qc6 22. Qc3 $1 Qd7 23. Kf1 Rc4 24. Qxe5 Rxc2 25. Kg1 Rh5 $36 {[%emt 0:00:47][%mdl 2048] Black fights for an advantage.} 26. Qg3 Rxb2 (26... Qd4 $11) 27. Rd3 $14 Qc6 (27... Rg5 $1 $14 28. Qb8+ Qc8) 28. Rad1 $1 $18 Kf8 29. Rd8+ $2 (29. Bf3 $18 {is more deadly.} Rbb5 30. e5) 29... Kg7 $16 30. Qa3 (30. Bf3 $16 Rbb5 31. Bxh5 Rxh5 32. Qe3) 30... Qc2 $1 $11 31. R8d2 Rxa2 $19 32. Qg3 Qc5 (32... Qxd2 $2 {perishes.} 33. Rxd2 Rxd2 34. Qc3+ Kh7 35. Qxd2 $18) 33. Rxa2 Bxa2 34. Kh1 Be6 35. f4 Qc2 (35... Qc7 $1 $19 36. Qf3 Bd7) 36. Re1 (36. Rd6 $15) 36... Qb3 37. Re3 Qd1+ 38. Re1 Qb3 (38... Qg4 $19 39. Qc3+ Kh7) 39. Re3 $17 Qd1+ ({Black should try} 39... Qb2 $17 40. f5 Bd7) 40. Kh2 (40. Re1 $11 {was the only way to keep the balance.} Qg4 41. Qxg4 Bxg4 42. Kh2) 40... Qg4 (40... Qd6 $142 41. Rd3 Qb8) 41. Qf2 Qh4 $1 42. Rg3 {[%emt 0:00:00] [#]} Qe7 (42... b5 $1 $17 {Threatens to win with ...Kh7.} 43. f5 Bc4) 43. f5 $1 $11 Bd7 {[%emt 0:00:09] ...Bc6 would now be deadly.} 44. fxg6 {[%emt 0:00:00] [#]} (44. Bf3 $11 Rh6 45. Qb2+ Kf8 46. fxg6) 44... fxg6 (44... f6 $1 $17 {Strongly threatening ...Qe5.} 45. Qb6 Bc6) 45. Qb2+ Re5 {[%emt 0:01:17] The position is equal.} 46. Qxb7 Bb5 47. Qb6 Re6 48. Qd4+ Qf6 49. Qe3 Qe5 {[%emt 0:00:17] White happily takes the draw.   Weighted Error Value: White=0.40/Black=0.45.  Loses game:     	White=1     	Black=1      Missed win:     	White=1     	---        Mistake:       	White=6     	Black=9      Inaccurate:     	White=2     	Black=3      OK:         	White=15    	Black=14     Best:        	White=3     	Black=3      Strong:       	White=3     	Black=3} 1/2-1/2

[Event "French-ch U12-U14 2024"]
[Site "Agen"]
[Date "2024.04.17"]
[Round "5.20"]
[White "Spinosi, Aurelien"]
[Black "Laignel, Quentin"]
[Result "0-1"]
[ECO "B10"]
[WhiteElo "1942"]
[BlackElo "2023"]
[Annotator "TA"]
[PlyCount "90"]
[EventDate "2024.04.14"]
[EventType "swiss"]
[EventCountry "FRA"]
[SourceTitle "playchess.com"]
[Source "ChessBase"]
[SourceQuality "1"]
[TimeControl "5400+30"]

1. e4 c6 2. Nf3 d5 3. d3 Qc7 4. e5 Bg4 5. d4 e6 6. c4 Ne7 7. h3 (7. Be3 $11) 7... Bxf3 $1 $17 8. Qxf3 {[%emt 0:02:22] Black is better.} Nf5 $1 9. Qc3 dxc4 10. Bxc4 Qb6 $1 {[%emt 0:05:01][%cal Of8b4] Threatens to win with ...Bb4!} 11. O-O Qxd4 12. a4 (12. g4 $17 Nh4 13. Qxd4 Nf3+ 14. Kg2 Nxd4 15. Nc3) 12... Qxc3 ({Black should play} 12... Nd7 $19 13. Re1 a5) 13. Nxc3 Nd7 14. f4 Bc5+ 15. Kh2 h5 16. Ne4 Bb4 17. Bd2 Bxd2 18. Nxd2 Nc5 {[%emt 0:01:41] Against Bd3. Excellent horsemanship.} (18... Nb6 $142 {White must now prevent ...0-0-0.} 19. Rfc1 Rd8) 19. b4 Rd8 20. Rfd1 Nd3 {[%emt 0:01:45] Black is more active.} 21. Bxd3 Rxd3 22. Nc4 {[%emt 0:00:38] Wards off Ne3} Rxd1 23. Rxd1 {[%emt 0:00:16][%mdl 4096] Endgame. KRN-KRN} Ke7 24. Na5 {[%emt 0:01:30] [#]} Rb8 $1 25. Rd3 h4 26. Kg1 Ke8 27. Kf2 Ne7 28. Nc4 (28. b5 $17) 28... Nd5 $19 29. Nd6+ Ke7 30. Rd4 f5 31. g3 hxg3+ 32. Kxg3 {[%emt 0:00:27] [#]} Nc3 $1 33. Rc4 Nxa4 34. b5 (34. h4 {was called for.}) 34... Nb6 35. bxc6 $2 (35. Rc5) 35... Nxc4 36. c7 Ra8 37. c8=Q Rxc8 {[%emt 0:00:04] Black mates.} 38. Nxc8+ {[%emt 0:00:08] KN-KN} Kd7 39. Nxa7 Na3 40. Kh4 b5 41. Nxb5 Nxb5 42. Kg5 Ke7 43. Kg6 Kf8 44. h4 Nd4 45. h5 Ne2 {[%emt 0:00:14] Weighted Error Value: White=0.49/Black=0.08 (flawless) .  Mistake:       	White=5     	Black=2      Inaccurate:     	White=3     	Black=1      OK:         	White=5     	Black=11     Best:        	White=4     	Black=4      Strong:       	---       	Black=4} 0-1

[Event "French-ch U12-U14 2024"]
[Site "Agen"]
[Date "2024.04.18"]
[Round "6.2"]
[White "Alcantara, Levanah"]
[Black "Le Floch, Alexia"]
[Result "1-0"]
[ECO "E32"]
[WhiteElo "1756"]
[BlackElo "1641"]
[Annotator "NA RC COMBH"]
[PlyCount "107"]
[EventDate "2024.04.14"]
[EventType "swiss"]
[EventCountry "FRA"]
[SourceTitle "playchess.com"]
[Source "ChessBase"]
[SourceQuality "1"]
[TimeControl "5400+30"]

1. d4 Nf6 2. c4 e6 3. Nc3 Bb4 4. Qc2 O-O 5. a3 Bxc3+ 6. Qxc3 b6 7. Bf4 Bb7 8. e3 d5 9. Nf3 Nbd7 10. Be2 c5 11. Ne5 Rc8 12. Qb3 dxc4 13. Bxc4 Nxe5 14. dxe5 Nh5 15. O-O Nxf4 16. exf4 Qd4 17. g3 Qe4 18. f3 Qd4+ 19. Kh1 Bd5 20. Bxd5 Qxd5 21. Qa4 Qb7 22. Qe4 Qxe4 23. fxe4 Rcd8 24. Rad1 c4 25. Rd6 Rc8 26. Rc1 Rc7 27. Kg2 Rfc8 28. Kf3 Kf8 29. Rc3 Ke7 30. Ke3 Rd7 31. Rxd7+ Kxd7 32. Kd4 b5 33. a4 a6 34. axb5 axb5 35. Ra3 Rc7 36. Ra6 Kc8 37. f5 Kb7 38. Rd6 exf5 39. exf5 b4 40. Ke4 c3 41. bxc3 bxc3 42. Rd1 Kb6 43. Rc1 c2 44. e6 fxe6 45. fxe6 Kb7 46. Kd5 Kc8 47. Kd6 Kd8 48. Rf1 Re7 49. Rf8+ Re8 50. e7+ Kc8 51. Rxe8+ Kb7 52. Rb8+ Kxb8 53. e8=Q+ Ka7 54. Qc6 1-0

[Event "French-ch U12-U14 2024"]
[Site "Agen"]
[Date "2024.04.18"]
[Round "6.4"]
[White "Anseeuw, Emma"]
[Black "Pierrot, Anais"]
[Result "1-0"]
[ECO "D03"]
[WhiteElo "1667"]
[BlackElo "1593"]
[Annotator "NA RC COMBH"]
[PlyCount "65"]
[EventDate "2024.04.14"]
[EventType "swiss"]
[EventCountry "FRA"]
[SourceTitle "playchess.com"]
[Source "ChessBase"]
[SourceQuality "1"]
[TimeControl "5400+30"]

1. d4 Nf6 2. Bg5 e6 3. Nd2 d5 4. Ngf3 h6 5. Bf4 Bd6 6. Bg3 Bxg3 7. hxg3 Nbd7 8. e3 c5 9. c3 b6 10. Bd3 Bb7 11. a4 O-O 12. Ne5 Qc7 13. f4 Rac8 14. g4 Nxe5 15. fxe5 Ne4 16. Bxe4 dxe4 17. g5 Qe7 18. gxh6 Qg5 19. Qe2 Qg3+ 20. Kd1 gxh6 21. Rxh6 Qg7 22. Rh4 f5 23. exf6 Rxf6 24. Qh5 Rc7 25. Rg4 Qxg4+ 26. Qxg4+ Rg7 27. Qh4 Rff7 28. Kc2 Rxg2 29. Rh1 Kf8 30. Qd8+ Kg7 31. Qh8+ Kg6 32. Qh6+ Kf5 33. Rf1+ 1-0

[Event "French-ch U12-U14 2024"]
[Site "Agen"]
[Date "2024.04.18"]
[Round "6.5"]
[White "Carnet, Anaelle"]
[Black "Manouvel, Maelys"]
[Result "0-1"]
[ECO "B78"]
[WhiteElo "1590"]
[BlackElo "1541"]
[Annotator "NA RC COMBH"]
[PlyCount "134"]
[EventDate "2024.04.14"]
[EventType "swiss"]
[EventCountry "FRA"]
[SourceTitle "playchess.com"]
[Source "ChessBase"]
[SourceQuality "1"]
[TimeControl "5400+30"]

1. e4 c5 2. Nf3 d6 3. d4 cxd4 4. Nxd4 Nf6 5. Nc3 g6 6. f3 Bg7 7. Be3 Nc6 8. Qd2 O-O 9. Bc4 Bd7 10. O-O-O Rc8 11. Bb3 Nxd4 12. Bxd4 b5 13. h4 a5 14. e5 dxe5 15. Bxe5 a4 16. Bxf6 Bxf6 17. Qxd7 Qxd7 18. Rxd7 axb3 19. axb3 Rfd8 20. Rxd8+ Rxd8 21. Nxb5 Be5 22. Re1 Bf4+ 23. Kb1 e5 24. g4 f5 25. gxf5 gxf5 26. Rg1+ Kf7 27. Nc3 Rd2 28. Rf1 Rh2 29. b4 Rxh4 30. b5 Bd2 31. Ka2 Rb4 32. Nb1 Be3 33. Re1 f4 34. Nc3 Ke6 35. Ka3 Bc5 36. Ka2 Bd4 37. Rh1 Bxc3 38. bxc3 Rxb5 39. Rxh7 Kd5 40. Rh5 Kc4 41. Rh8 Kxc3 42. Rc8+ Kd4 43. c3+ Kd3 44. c4 Rb7 45. Rc5 e4 46. Rd5+ Kxc4 47. fxe4 Re7 48. Rd2 Rxe4 49. Kb2 f3 50. Kc2 Re3 51. Kd1 Rd3 52. Ke1 Rxd2 53. Kxd2 Kd4 54. Ke1 Ke3 55. Kf1 f2 56. Kg2 Ke2 57. Kg3 f1=Q 58. Kg4 Ke3 59. Kg5 Qf4+ 60. Kg6 Qe5 61. Kf7 Qd6 62. Kg7 Qe6 63. Kf8 Qd7 64. Kg8 Kf4 65. Kf8 Kg5 66. Kg8 Kg6 67. Kf8 Qf7# 0-1